 Dungeon Crawl Stone Soup version 0.18.1-48-g4cf74bf (webtiles) character file.

27 Heedrag the Conjurer (level 2, -2/15 HPs)
             Began as a Deep Elf Conjurer on Aug 1, 2016.
             Slain by Ijyb
             ... wielding a +0 club
              (4 damage)
             ... on level 1 of the Dungeon.
             The game lasted 00:01:39 (864 turns).

Heedrag the Conjurer (Deep Elf Conjurer)             Turns: 864, Time: 00:01:39

Health: -2/15      AC:  2    Str:  5    XL:     2   Next: 93%
Magic:  2/8        EV: 13    Int: 19    God:
Gold:   56         SH:  0    Dex: 15    Spells: 1 memorised, 7 levels left

rFire  . . .     SeeInvis .     h - -3 dagger (curse)
rCold  . . .     Gourm    .     a - +0 robe
rNeg   . . .     Faith    .     (no shield)
rPois  .         Spirit   .     (no helmet)
rElec  .         Dismiss  .     (no cloak)
rCorr  .         Reflect  .     (no gloves)
SustAt .         Harm     .     (no boots)
MR     .....                    (no amulet)
Stlth  ++........               (no ring)
                                (no ring)

@: lethally poisoned (-2 -> -8), not resistant to hostile enchantments,
unstealthy
A: no striking features
a: no special abilities


You were on level 1 of the Dungeon.
You were not hungry.

You visited 1 branch of the dungeon, and saw 2 of its levels.

You collected 56 gold pieces.

Inventory:

Hand Weapons
 h - a cursed -3 dagger (weapon)
 k - a +1 dagger of electrocution
Armour
 a - a +0 robe (worn)
Scrolls
 d - 4 scrolls of identify {unknown}
 e - a scroll of fear {unknown}
 f - 4 scrolls of teleportation {unknown}
Potions
 g - a potion of lignification {unknown}
 i - 3 potions of curing {unknown}
Books
 b - a book of Conjurations

   Spells                             Type                      Level
   a - Magic Dart                     Conjuration                  1
   b - Searing Ray                    Conjuration                  2
   c - Dazzling Spray                 Conjuration/Hexes            3
   d - Fulminant Prism                Conjuration/Hexes            4
   e - Iskenderun's Mystic Blast      Conjuration                  4
   f - Iskenderun's Battlesphere      Conjuration/Charms           5
Comestibles
 c - a bread ration
 j - a chunk of flesh


   Skills:
 - Level 2.4 Dodging
 - Level 2.4 Stealth
 + Level 3.7 Spellcasting
 * Level 5.0 Conjurations


You had 7 spell levels left.
You knew the following spells:

 Your Spells              Type           Power        Failure   Level  Hunger
a - Magic Dart            Conj           ###.         1%          1    None


Dungeon Overview and Level Annotations

Branches:
Dungeon (2/15)

Altars:
Ashenzari

Annotations:
D:1 exclusion: downstairs, Ijyb
D:2 Sigmund


Message History

Ye feel sick.
Ijyb hits ye wit' a club.
Tha adder closely misses ye.
Castin': Magic Dart Confirm wit' . or Enter, or press ? or * ta list all spells.
Aimin': Magic Dart
Press: ? - help, Shift-Dir - straight line, f/p - adder
Aim: an adder (severely wounded) Tha magic dart hits tha adder.
Tha adder be severely wounded.
Tha adder barely misses ye.
Ijyb hits ye wit' a club.
* * * LOW HITPOINT WARNIN'
* * * Tha adder barely misses ye.
Castin': Magic Dart Confirm wit' . or Enter, or press ? or * ta list all spells.
Aimin': Magic Dart
Press: ? - help, Shift-Dir - straight line, f/p - adder
Aim: an adder (severely wounded) Tha magic dart hits tha adder.
Tha adder be severely wounded.
Ijyb hits ye wit' a club.
Ye die...

########...###..#.##.#.##..##....
##...................#.###.##.###
##.#####..†###....####.###.##.# #
##.# ##.###.....## #........###
##.# #........>.# #####.##....
##.# ####.....(.# #.######
##.#########.......# #.#
##..............S.## #.#
##.##########..g@## #.#
#.#.###### #...## #.#
)###.....####...# #.#
#.#.####........# #.# ...##
###.##.### #.# .#.# #.##.# ###.#
.#.# #.##.# ##...## .#.#
###.##.## #.###.#####
.#.#####...#...# #.# #.....#


You could see Ijyb and an adder.

Vanquished Creatures
  A dart slug (D:1)
  3 giant geckos (D:1)
  A giant cockroach (D:1)
  3 goblins (D:1)
  5 hobgoblins (D:1)
  3 bats (D:1)
  A giant newt (D:1)
  2 kobolds (D:1)
  A rat (D:1)
20 creatures vanquished.

Notes
Turn   | Place    | Note
--------------------------------------------------------------
     0 | D:1      | Heedrag the Deep Elf Conjurer began the quest for the Orb.
     0 | D:1      | Reached XP level 1. HP: 10/10 MP: 6/6
   151 | D:1      | Reached XP level 2. HP: 15/15 MP: 5/8
   390 | D:1      | Found a shattered altar of Ashenzari.
   487 | D:1      | Reached skill level 5 in Conjurations
   847 | D:2      | Noticed Sigmund
   855 | D:2      | Noticed Ijyb
   864 | D:1      | Slain by Ijyb

Skill      XL: |  1  2 |
---------------+-------+-----
Conjurations   | 5 |  5.0
Dodging        | |  2.4
Stealth        | |  2.4
Spellcasting   | |  3.7

Action                   || total
-------------------------++-------
 Cast: Magic Dart        ||    40
Armor: Robe              ||     1
Dodge: Dodged            ||     5
